 Dungeon Crawl Stone Soup version 0.26-b1-32-g5d43845318 (webtiles) character file.

Game seed: 13300578446048762096

1978 Borgoz the Cudgeller (level 9, 0/54 HPs)
             Began as a Gargoyle Gladiator on Jan 10, 2021.
             Slain by an orc knight
             ... wielding a +0 trident
              (13 damage)
             ... in a bailey.
             The game lasted 00:07:41 (7068 turns).

Borgoz the Cudgeller (Gargoyle Gladiator)           Turns: 7068, Time: 00:07:42

Health: 0/54       AC: 18    Str: 23    XL:     9   Next: 20%
Magic:  9/9        EV: 14    Int: 10    God:
Gold:   451        SH:  0    Dex: 14    Spells: 8/8 levels left

rFire    + . .     SeeInvis .   w - +2 dire flail (drain)
rCold    . . .     Faith    .   (shield currently unavailable)
rNeg     + . .     Spirit   .   q - +2 ring mail {rF+}
rPois    ∞         Reflect  .   c - +1 helmet
rElec    +         Harm     .   (no cloak)
rCorr    .         Rampage  .   (no gloves)
Will     +....                  y - +1 pair of boots
Stlth    +.........             (no amulet)
HPRegen  0.18/turn              C - +6 ring of strength
MPRegen  0.11/turn              x - ring of willpower

@: flying
A: negative energy resistance 1, electricity resistance, unbreathing,
petrification resistance, miasma immunity, AC +6
a: no special abilities


You were in a bailey.
You visited 2 branches of the dungeon, and saw 9 of its levels.
You also visited: Bailey.

You collected 451 gold pieces.

Inventory:

Hand Weapons
 w - a +2 dire flail of draining (weapon)
Missiles
 d - 5 throwing nets (quivered)
Armour
 c - a +1 helmet (worn)
 q - a +2 ring mail of fire resistance (worn)
 y - a +1 pair of boots (worn)
Jewellery
 x - a ring of willpower (right hand)
 C - a +6 ring of strength (left hand)
Scrolls
 b - a scroll of enchant armour
 j - a scroll of amnesia {unknown}
 o - 3 scrolls of teleportation
 p - 3 scrolls of remove curse
 r - a scroll of random uselessness {unknown}
Potions
 e - a potion of might
 f - 4 potions of flight
 g - a potion of ambrosia {unknown}
 h - a potion of brilliance {unknown}
 i - 6 potions of mutation
 k - 3 potions of degeneration {unknown}
 m - a potion of curing {unknown}
 u - a potion of haste {unknown}
 v - a potion of lignification {unknown}
 z - 2 potions of magic {unknown}


   Skills:
 + Level 5.5 Fighting
 * Level 7.4 Maces & Flails
 - Level 1.7 Throwing
 + Level 5.0 Armour
 * Level 6.2 Dodging


You had 8 spell levels left.
You didn't know any spells.
Your spell library was empty.

Dungeon Overview and Level Annotations

Branches:
Dungeon (8/15)             Temple (1/1) D:5            Lair (0/6) D:8
 Bailey (1/1)

Altars:
Ashenzari
Cheibriados
Dithmenos
Elyvilon
Fedhas
Gozag
Hepliaklqana
Kikubaaqudgha
Makhleb
Nemelex Xobeh
Okawaru
Qazlal
Ru
Sif Muna
Trog
Uskayaw
Vehumet
Wu Jian
Xom
Yredelemnul
Zin
The Shining One


Innate Abilities, Weirdness & Mutations

You are resistant to torment.
Your stone body is resilient. (AC +6)
You are immune to poison.
You resist negative energy. (rN+)
You are resistant to electric shocks. (rElec)
You can survive without breathing.
You are immune to petrification.
You are immune to miasma.


Message History

* * * LOW HITPOINT WARNING * * *
The orc warrior hits you from afar with a +0 halberd.
* * * LOW HITPOINT WARNING * * *
You feel much better. The orc warrior barely misses you.
The orc knight hits you but does no damage.
The orc warrior closely misses you. x2
You barely miss the orc warrior.
The orc warrior is lightly wounded.
The orc knight hits you with a +0 trident.
The orc warrior closely misses you.
The orc warrior hits you with a +0 halberd.
* * * LOW HITPOINT WARNING * * *
You barely miss the orc knight.
The orc knight is severely wounded.
The orc knight hits you but does no damage.
The orc warrior barely misses you. x2
You closely miss the orc knight.
The orc knight is severely wounded.
The orc knight hits you with a +0 trident!
You die...

## #########∩##
####
##.....##...##....
#..≈≈≈..#...#..≈≈≈
#.≈≈)≈≈)...(..≈≈o≈
+.≈.oo≈())....≈oo
#.≈≈o@≈.......≈≈o
#..≈≈≈).#(..#..≈
##.....##.∩.# o
#########∩## ###


You could see an orc knight and 2 orc warriors.

Vanquished Creatures
  Edmund (D:4)
  Duvessa (D:7)
  3 orc warriors (Bailey)
  An ice beast (D:5)
  A phantom (D:8)
  An ogre (D:4)
  3 bullfrogs
  Dowan (D:7)
  5 scorpions
  2 centaur zombies
  3 hounds
  An iguana (D:5)
  Natasha (thrice) (D:4)
  An orc wizard (D:6)
  7 worker ants
  A hound zombie (D:5)
  10 adders
  2 white imps
  2 oozes
  An adder zombie (D:5)
  An adder skeleton (D:7)
  A worm (D:3)
  2 dart slugs
  3 leopard geckos
  21 orcs
  A ball python (D:1)
  7 bats
  8 giant cockroaches
  9 goblins
  6 hobgoblins
  8 jackals
  9 kobolds
  3 quokkas
  5 frilled lizards
  7 rats
141 creatures vanquished.

Notes
Turn   | Place    | Note
-------+----------+-------------------------------------------
     0 | D:1      | Borgoz the Gargoyle Gladiator began the quest for the Orb.
     0 | D:1      | Reached XP level 1. HP: 12/12 MP: 1/1
   200 | D:1      | Reached XP level 2. HP: 17/17 MP: 2/2
   593 | D:1      | Reached skill level 1 in Armour
   719 | D:1      | Reached XP level 3. HP: 20/22 MP: 3/3
  1400 | D:2      | Found an opulent altar of Gozag.
  1654 | D:2      | Reached XP level 4. HP: 23/27 MP: 4/4
  2032 | D:2      | Found an opulent altar of Gozag.
  2393 | D:3      | Found a blossoming altar of Fedhas.
  2422 | D:3      | Reached skill level 4 in Maces & Flails
  2422 | D:3      | Reached XP level 5. HP: 32/32 MP: 5/5
  3125 | D:4      | Reached XP level 6. HP: 34/37 MP: 6/6
  3278 | D:4      | Noticed Edmund
  3311 | D:4      | Killed Edmund
  3312 | D:4      | Reached skill level 5 in Maces & Flails
  3318 | D:4      | Reached XP level 7. HP: 25/41 MP: 7/7
  3736 | D:4      | Noticed Natasha
  3748 | D:4      | Killed Natasha
  3801 | D:4      | Noticed Natasha
  3806 | D:4      | Killed Natasha
  3857 | D:4      | Noticed Natasha
  3868 | D:4      | Killed Natasha
  4115 | D:5      | Entered Level 5 of the Dungeon
  4622 | D:5      | Found a staircase to the Ecumenical Temple.
  4631 | Temple   | Entered the Ecumenical Temple
  4812 | D:5      | Reached XP level 8. HP: 48/48 MP: 8/8
  5073 | D:6      | Reached skill level 6 in Maces & Flails
  5110 | D:6      | Reached skill level 5 in Dodging
  5759 | D:6      | Found a snail-covered altar of Cheibriados.
  5761 | D:6      | Found a broken altar of Ashenzari.
  5761 | D:6      | Found a shimmering altar of Xom.
  5763 | D:6      | Found a hazy altar of Hepliaklqana.
  5763 | D:6      | Found a glowing golden altar of the Shining One.
  5763 | D:6      | Found a shimmering altar of Xom.
  6068 | D:7      | Found a glowing golden altar of the Shining One.
  6072 | D:7      | Found a blossoming altar of Fedhas.
  6075 | D:7      | Found a stormy altar of Qazlal.
  6076 | D:7      | Found a white marble altar of Elyvilon.
  6141 | D:7      | Noticed Duvessa
  6141 | D:7      | Noticed Dowan
  6146 | D:7      | Killed Duvessa
  6150 | D:7      | Killed Dowan
  6151 | D:7      | Reached skill level 5 in Fighting
  6730 | D:8      | Found a flagged portal.
  6747 | D:8      | Reached skill level 7 in Maces & Flails
  6757 | D:8      | Reached XP level 9. HP: 52/54 MP: 9/9
  6791 | Bailey   | Entered a bailey
  6791 | Bailey   | Noticed an orc knight
  6794 | Bailey   | Noticed an orc knight
  6805 | Bailey   | Reached skill level 5 in Armour
  7068 | Bailey   | Slain by an orc knight

Illustrated notes

Levels and vault maps discovered:
D:1:      matt_arrival_refuge, layout_basic, hangedman_feature_mirror,
          minmay_split_cup_large
D:2:      layout_loops_ring, lemuel_coloured_pillars_altar,
          nicolae_gozag_cash_rules_everything_around_me
D:3:      layout_basic, fedhas_altar_2
D:4:      layout_basic, uniq_natasha, uniq_edmund
D:5:      layout_loops_ring, lemuel_temple_firewalk_b
D:6:      layout_loops_ring, doesnt_xom_only_xom
D:7:      layout_loops_cross, minitemple, serial_co_window_serial,
          co_window_corner_a, co_window_paths_a, co_window_of_opportunity_a,
          co_window_paths_a, co_window_paths_a, co_window_2corner,
          co_window_broadway_a, co_window_corner_b, co_window_of_opportunity_b,
          co_window_2corner, co_window_broadway_a, glass_columns_a, uniq_duvessa
D:8:      minmay_bubble_buster, layout_basic, enter_bailey_2, serial_curves,
          eino_curves_01, eino_curves_02
Temple:   eino_temple_scatter_basement
Bailey:   bailey_polearm_4, bailey

Skill      XL: |  1  2  3  4  5  6  7  8  9 |
---------------+----------------------------+-----
Armour         | 1 2 3 4 5 |  5.0
Dodging        | 3 4 5 6 |  6.2
Maces & Flails | 4 5 7 |  7.4
Fighting       | 3 4 5 |  5.5
Throwing       | |  1.7

Action                   |  1- 3 |  4- 6 |  7- 9 || total
-------------------------+-------+-------+-------++-------
Melee: Flail             |   126 |   184 |     6 ||   316
       Dire flail        |       |       |   196 ||   196
Evoke: Wand              |       |       |    18 ||    18
  Use: Scroll            |     1 |     1 |    10 ||    12
       Potion            |       |       |     6 ||     6
Armor: Leather armour    |    61 |    11 |       ||    72
       Ring mail         |       |    77 |    68 ||   145
Dodge: Dodged            |    93 |   136 |   161 ||   390
